Workbook
Name a1_Y1: [2]CONFIGURACIÓN!$D$17
Name a1_Y2: [2]CONFIGURACIÓN!$E$17
Name a10_Y10: [2]CONFIGURACIÓN!$M$26
Name a10_Y11: [2]CONFIGURACIÓN!$N$26
Name a2_Y2: [2]CONFIGURACIÓN!$E$18
Name a2_Y3: [2]CONFIGURACIÓN!$F$18
Name a3_Y3: [2]CONFIGURACIÓN!$F$19
Name a3_Y4: [2]CONFIGURACIÓN!$G$19
Name a4_Y4: [2]CONFIGURACIÓN!$G$20
Name a4_Y5: [2]CONFIGURACIÓN!$H$20
Name a5_Y5: [2]CONFIGURACIÓN!$H$21
Name a5_Y6: [2]CONFIGURACIÓN!$I$21
Name a6_Y6: [2]CONFIGURACIÓN!$I$22
Name a6_Y7: [2]CONFIGURACIÓN!$J$22
Name a7_Y7: [2]CONFIGURACIÓN!$J$23
Name a7_Y8: [2]CONFIGURACIÓN!$K$23
Name a8_Y8: [2]CONFIGURACIÓN!$K$24
Name a8_Y9: [2]CONFIGURACIÓN!$L$24
Name a9_Y10: [2]CONFIGURACIÓN!$M$25
Name a9_Y9: [2]CONFIGURACIÓN!$L$25
Name ALMUERZO: '[3]Resumen Preparaciones'!$C$52:$C$113
Name almuerzocena: '[3]Resumen Preparaciones'!$C$52:$C$141
Name año1: [2]CONFIGURACIÓN!$F$9
Name APLICA: #REF!
Name APLICA: #REF!
Name APLICA.: #REF!
Name APLICA.: #REF!
Name bbb: [4]lista!$A$11:$A$13
Name CALENDARIO: [2]CALENDARIO!$B$6:$H$161
Name Calidad: [5]PERSONAL!$P$58
Name Campamento: [5]PERSONAL!$P$122
Name Comercio: [6]OCULTAR!$F$14:$G$17
Name Decision: [4]lista!$A$6:$A$7
Name dependencia: '[7]Datos Inciales'!$B$5:$B$30
Name desayuno: '[3]Resumen Preparaciones'!$C$5:$C$50
Name DESAYUNOS: '[3]Resumen Preparaciones'!$C$5:$C$33
Name Ensayos: [5]PERSONAL!$P$100
Name Estrategia: [8]Tablas!$F$2:$F$34
Name Estrategia: [9]Tablas!$F$2:$F$34
Name EUR: '[2]DATOS ENTRADA'!$E$2
Name fecha_fin_servicio: [2]CONFIGURACIÓN!$C$10
Name fecha_inicio_servicio: [2]CONFIGURACIÓN!$C$9
Name Fuente: [8]Tablas!$D$2:$D$10
Name Fuente: [9]Tablas!$D$2:$D$10
Name FUENTES: '[7]Datos Inciales'!$B$40:$B$49
Name GRUPO: #REF!
Name horas_jornada: [2]CONFIGURACIÓN!$C$12
Name horas_ubicacion1: [2]CONFIGURACIÓN!$C$47
Name horas_ubicacion2: [2]CONFIGURACIÓN!$C$48
Name horas_ubicacion3: [2]CONFIGURACIÓN!$C$49
Name horas_ubicacion4: [2]CONFIGURACIÓN!$C$50
Name horas_ubicacion5: [2]CONFIGURACIÓN!$C$51
Name horas_ubicacion6: [2]CONFIGURACIÓN!$C$52
Name horas_ubicacion7: [2]CONFIGURACIÓN!$C$53
Name Info_Prazo_do_contrato: [10]Seletor!$C$13
Name IVASobreUtilidad: [5]IMPUESTOS!$E$16
Name lista_hnp: '[2]COSTES NO SSPP'!$B$24:$B$33
Name lista_lineas_reparto: '[2]HW&SW'!$C$314:$C$324
Name lista_localizaciones: [2]CONFIGURACIÓN!$B$47:$B$53
Name lista_paises: '[2]DATOS MAESTROS'!$B$13:$B$39

Sheet OFERTA ECONÓMICA
D2: República de Colombia
D3: Instituto Colombiano de Antropología e Historia
D4: Formato Oferta Económica proceso de selección MC-ICANH-026-2024
B6: Objeto | D6: Adquisición de chalecos institucionales como parte de la imagen institucional en territorio para el personal misional del Instituto Colombiano de Antropología e Historia – ICANH
B7: Nombre o Razón Social | I7: NIT
B8: Persona de contacto | I8: Teléfono celular
B9: Correo electrónico | I9: Teléfono fijo
B11: Instrucciones para el diligenciamiento de la oferta:
B13: • Por favor diligenciar solo las celdas en AZUL. • Los precios unitarios deberán ser expresado en PESOS COLOMBIANOS y en números enteros. • El formato contiene los insumos de costos estimados por el Instituto por lo tanto no se permite modificar, agregar o quitar ningún ítem o sub-ítem. • Para la estructuración de la propuesta por favor tener en cuenta el documento anexo "Ficha técnica" • Los precios deberán aproximarse por exceso o por defecto al entero más cercano así: (i) si es igual o superior a 50 centavos, se aproxima al entero siguiente; (ii) si es inferior a 50 centavos se baja al entero anterior. • Los precios unitarios deben contemplar todos los rubros requeridos para la adecuada prestación del servicio y el cumplimiento de las obligaciones contractuales. • Los precios unitarios ofertados no pueden superar los precios techo establecidos. • Ningún ítem de la propuesta económica debe ser diligenciado con cero (0), so pena de ser rechazada.
B15: Notas: (1) Tener en cuenta en el momento de ofertar, que el plazo de ejecución es estimado y podrá ser inferior. (2) Los valores unitarios deben incluir todos los costos y gastos directos e indirectos en que incurre el contratista durante la ejecución del contrato de acuerdo con las especificaciones de la ficha técnica, las obligaciones tributarias de acuerdo con las normas aplicables para el tipo de servicio y contrato correspondiente.
B17: Plazo de ejecución estimado (Nota 1) | D17: 1 MES
H20: PRECIO TECHO | J20: PRECIO OFERTADO
B21: ITEM | C21: Detalle servicios (Nota 2) | D21: Ubicación | E21: Especificaciones técnicas | F21: Unidad de medida | G21: Cantidad de chalecos | H21: PRECIO UNITARIO IVA INCLUIDO | I21: PRECIO TOTAL IVA INCLUIDO | J21: PRECIO UNITARIO IVA INCLUIDO (Nota 2) | K21: PRECIO TOTAL IVA INCLUIDO
B22: 1 | C22: Suministro del chalecos institucinales talla S | D22: Calle 12 # 2 – 41 Bogotá D.C | E22: Color: beige militar. Tela exterior: Tipo Dril de poliéster-algodón 67% poliéster – 33% algodón Características de la tela: resistencia, durabilidad y facilidad de cuidado Resistencia al agua y fuego. Resistencia a las arrugas Tela transpirable. Tela Interior: Tipo Algodón Número de bolsillos: cinco (5) en la parte frontal Tipo de bolsillos: (medidas establecidas en las imágenes) Un (1) bolsillo tipo fuelle con tapa, broche Dos (2) bolsillos tipo fuelle con cremallera. Un (1) bolsillo portaesfero Dos (2) bolsillos tipo ojal con cremallera Cremallera negra en poliéster # 6 Cinta textil reflectiva (Cinta reflectiva gris poliéster, Material 100% Poliéster, Medidas: Ancho: 5 cm) Ubicación de las Cintas Reflectivas (2 franjas frontales, 3 franjas en la parte trasera) Logos: Los logos deberán ser tejidos con hilo, tendrán una altura de 5 cm x 5 cm. | F22: Chaleco | G22: 30 | H22: 142949 | I22: =H22*G22 -> 4288470 | K22: =ROUND(J22*G22,0) -> 0
B23: 2 | C23: Suministro del chalecos institucinales talla M | F23: Chaleco | G23: 55 | H23: 142949 | I23: =H23*G23 -> 7862195 | K23: =ROUND(J23*G23,0) -> 0
B24: 3 | C24: Suministro del chalecos institucinales talla L | F24: Chaleco | G24: 52 | H24: 142949 | I24: =H24*G24 -> 7433348 | K24: =ROUND(J24*G24,0) -> 0
B25: 4 | C25: Suministro del chalecos institucinales talla XL | F25: Chaleco | G25: 10 | H25: 142949 | I25: =H25*G25 -> 1429490 | K25: =ROUND(J25*G25,0) -> 0
B26: PRECIO TOTAL IVA INCLUIDO | I26: =SUM(I22:I25) -> 21013503 | J26: - | K26: =SUM(K22:K25) -> 0
B38: FIRMA DEL REPRESENTANTE LEGAL
B39: C.C.

Sheet Ofertas Recibidas
D2: República de Colombia
D3: Instituto Distrital de Recreación y Deporte Proceso de Mínima Cuantía No. SAF-MC-004-2026
D4: OFERTAS RECIBIDAS
B6: Objeto | D6: PRESTAR EL SERVICIO DE MONITOREO MEDIOS DE COMUNICACION (PRENSA, RADIO, TELEVISION, REDES SOCIALES E INTERNET) SOBRE LA INFORMACION DIFUNDIDA QUE VINCULE O SE RELACIONE CON EL INSTITUTO DISTRITAL DE RECREACION Y DEPORTE – IDRD.
B8: Presupuesto | D8: 38570715
B10: Oferta | C10: EMPRESA | F10: VALOR OFERTADO FORMATO | G10: VALOR OFERTADO SECOP | H10: OBSERVACIÓN
B11: Oferta 1 | C11: =+'Global News'!D7 -> GlobalNews Group Colombia S.A.S | F11: =+'Global News'!J19 -> 28917000 | G11: 22491000 | H11: CUMPLE, se acepta aclaración por presuntos precios artificialmente bajos.
B12: Oferta 2 | C12: =+'FTL Comunicaciones'!D7 -> FLT COMUNICACIONES S.A.S. | F12: =+'FTL Comunicaciones'!J19 -> 20349000 | G12: 20349000 | H12: CUMPLE, se acepta aclaración por presuntos precios artificialmente bajos.
B13: Oferta 3 | C13: =+Acciones!D7 -> Acciones Especiales S.A.S | F13: =+Acciones!J19 -> 16200000 | G13: 16200000 | H13: CUMPLE, se acepta aclaración por presuntos precios artificialmente bajos.
B14: Oferta 4 | C14: =+Miacom!D7 -> MIACOM S.A.S | F14: =+Miacom!J19 -> 37800000 | G14: 37800000 | H14: CUMPLE
C16: EVALUADOR TÉCNICO
C17: NOMBRE DEL PROFESIONAL | E17: LUCIANO ALFONSO PINILLA PEDRAZA
C18: CARGO | E18: CONTRATISTA

Sheet Cumplimiento Invitación
C2: República de Colombia
C3: =+'Ofertas Recibidas'!D3 -> Instituto Distrital de Recreación y Deporte Proceso de Mínima Cuantía No. SAF-MC-004-2026
C4: Cumplimiento Invitación
B6: Objeto | C6: =+'Ofertas Recibidas'!D6 -> PRESTAR EL SERVICIO DE MONITOREO MEDIOS DE COMUNICACION (PRENSA, RADIO, TELEVISION, REDES SOCIALES E INTERNET) SOBRE LA INFORMACION DIFUNDIDA QUE VINCULE O SE RELACIONE CON EL INSTITUTO DISTRITAL DE RECREACION Y DEPORTE – IDRD.
B8: REQUISITO / PROPONENTE | E8: =+'Ofertas Recibidas'!C11 -> GlobalNews Group Colombia S.A.S | F8: =+'Ofertas Recibidas'!C12 -> FLT COMUNICACIONES S.A.S. | G8: =+'Ofertas Recibidas'!C11 -> GlobalNews Group Colombia S.A.S | H8: =+'Ofertas Recibidas'!C12 -> FLT COMUNICACIONES S.A.S.
B9: Los proponentes deberán presentar como parte de su propuesta, una Oferta Económica en los términos y condiciones descritos en el presente estudio previo. Para este fin, el proponente deberá diligenciar en el formulario del SECOP II, la sección “Propuesta Económica” y adjuntar el formato “Oferta Económica”. | E9: CUMPLE | F9: CUMPLE | G9: CUMPLE | H9: CUMPLE
B10: El proponente deberá diligenciar en su totalidad el Formato “OFERTA ECONÓMICA”, que se incluye en la invitación pública. | E10: CUMPLE | F10: CUMPLE | G10: CUMPLE | H10: CUMPLE
B11: En el Formato “OFERTA ECONÓMICA”, el proponente debe diligenciar el VALOR UNITARIO IVA INCLUIDO OFERTADO. | E11: CUMPLE | F11: CUMPLE | G11: CUMPLE | H11: CUMPLE
B12: En la pregunta “oferta económica” en el cuestionario de SECOP II, el proponente debe diligenciar el VALOR TOTAL IVA INCLUIDO OFERTADO para el servicio requerido del formato “OFERTA ECONÓMICA”. | E12: CUMPLE | F12: CUMPLE | G12: CUMPLE | H12: CUMPLE
B13: Debe presentarse en moneda legal colombiana. | E13: CUMPLE | F13: CUMPLE | G13: CUMPLE | H13: CUMPLE
B14: El formato de “Oferta Económica” debe estar completamente diligenciado con el Precio Unitario ofertado para cada uno de los ítems que lo componen. | E14: CUMPLE | F14: CUMPLE | G14: CUMPLE | H14: CUMPLE
B15: Los valores ofertados NO podrán exceder los respectivos Valores Unitarios Oficiales y deben ser mayor a cero pesos ($0). | E15: CUMPLE | F15: CUMPLE | G15: CUMPLE | H15: CUMPLE
B16: El proponente no podrá adicionar, suprimir, cambiar, o modificar los ítems, la descripción, las unidades o cantidades señaladas en el Formato “OFERTA ECONÓMICA” | E16: CUMPLE | F16: CUMPLE | G16: CUMPLE | H16: CUMPLE
B17: Será causal de RECHAZO cuando el valor unitario IVA incluido ofertado supere el 100% del precio techo establecido para cada uno de los ítems del proceso y/o cuando el ofrecimiento económico total supere el presupuesto establecido por el IDRD para el presente proceso de selección | E17: CUMPLE | F17: CUMPLE | G17: CUMPLE | H17: CUMPLE
E18: CUMPLE | F18: CUMPLE | G18: CUMPLE | H18: CUMPLE
B19: CUMPLIMIENTO TOTAL DE LOS REQUISITOS OFERTA ECONÓMICA | E19: =IF(AND(E9="CUMPLE",E10="CUMPLE",E11="CUMPLE",E12="CUMPLE",E13="CUMPLE",E14="CUMPLE",E15="CUMPLE",E16="CUMPLE",E17="CUMPLE",E18="CUMPLE"),"CUMPLE","NO CUMPLE") -> CUMPLE | F19: =IF(AND(F9="CUMPLE",F10="CUMPLE",F11="CUMPLE",F12="CUMPLE",F13="CUMPLE",F14="CUMPLE",F15="CUMPLE",F16="CUMPLE",F17="CUMPLE",F18="CUMPLE"),"CUMPLE","NO CUMPLE") -> CUMPLE | G19: =IF(AND(G9="CUMPLE",G10="CUMPLE",G11="CUMPLE",G12="CUMPLE",G13="CUMPLE",G14="CUMPLE",G15="CUMPLE",G16="CUMPLE",G17="CUMPLE",G18="CUMPLE"),"CUMPLE","NO CUMPLE") -> CUMPLE | H19: =IF(AND(H9="CUMPLE",H10="CUMPLE",H11="CUMPLE",H12="CUMPLE",H13="CUMPLE",H14="CUMPLE",H15="CUMPLE",H16="CUMPLE",H17="CUMPLE",H18="CUMPLE"),"CUMPLE","NO CUMPLE") -> CUMPLE
B21: PROPONENTE | D21: POSICIÓN | E21: VALOR TOTAL OFERTA ECONÓMICA | F21: VALOR TOTAL OFERTA SECOP | G21: OBSERVACIONES
B22: =+'Ofertas Recibidas'!C11 -> GlobalNews Group Colombia S.A.S | D22: 3 | E22: =+'Ofertas Recibidas'!F11 -> 28917000 | F22: =+'Ofertas Recibidas'!G11 -> 22491000 | G22: De acuerdo con lo descrito en la Pregunta de la Plataforma Secop que indica: En caso de diferencia entre el valor total ofertado por el proponente en el formato mencionado y el registrado en este campo, prevalece el valor del formato. Por tanto, se evaluará sobre el valor del Formato Oferta Económica, el cual corresponde a $28.917.000
B23: =+'Ofertas Recibidas'!C12 -> FLT COMUNICACIONES S.A.S. | D23: 2 | E23: =+'Ofertas Recibidas'!F12 -> 20349000 | F23: =+'Ofertas Recibidas'!G12 -> 20349000
B24: =+'Ofertas Recibidas'!C13 -> Acciones Especiales S.A.S | D24: 1 | E24: =+'Ofertas Recibidas'!F13 -> 16200000 | F24: =+'Ofertas Recibidas'!G13 -> 16200000
B25: =+'Ofertas Recibidas'!C14 -> MIACOM S.A.S | D25: 4 | E25: =+'Ofertas Recibidas'!F14 -> 37800000 | F25: =+'Ofertas Recibidas'!G14 -> 37800000
C27: =+'Ofertas Recibidas'!C16 -> EVALUADOR TÉCNICO
C28: =+'Ofertas Recibidas'!C17 -> NOMBRE DEL PROFESIONAL | E28: =+'Ofertas Recibidas'!E17 -> LUCIANO ALFONSO PINILLA PEDRAZA
C29: =+'Ofertas Recibidas'!C18 -> CARGO | E29: =+'Ofertas Recibidas'!E18 -> CONTRATISTA

Sheet Posiciones
C2: República de Colombia
C3: =+'Ofertas Recibidas'!D3 -> Instituto Distrital de Recreación y Deporte Proceso de Mínima Cuantía No. SAF-MC-004-2026
C4: Posiciones
B6: Objeto | C6: =+'Ofertas Recibidas'!D6 -> PRESTAR EL SERVICIO DE MONITOREO MEDIOS DE COMUNICACION (PRENSA, RADIO, TELEVISION, REDES SOCIALES E INTERNET) SOBRE LA INFORMACION DIFUNDIDA QUE VINCULE O SE RELACIONE CON EL INSTITUTO DISTRITAL DE RECREACION Y DEPORTE – IDRD.
B8: Posición | C8: Oferta | D8: EMPRESA | E8: VALOR OFERTADO
B9: Posición 1 | C9: Oferta 3 | D9: Acciones Especiales S.A.S | E9: 16200000
B10: Posición 2 | C10: Oferta 2 | D10: FLT COMUNICACIONES S.A.S. | E10: 20349000
B11: Posición 3 | C11: Oferta 1 | D11: GlobalNews Group Colombia S.A.S | E11: 28917000
B12: Posición 4 | C12: Oferta 4 | D12: MIACOM S.A.S | E12: 37800000
B14: =+'Ofertas Recibidas'!C16 -> EVALUADOR TÉCNICO
B15: =+'Ofertas Recibidas'!C17 -> NOMBRE DEL PROFESIONAL | D15: =+'Ofertas Recibidas'!E17 -> LUCIANO ALFONSO PINILLA PEDRAZA
B16: =+'Ofertas Recibidas'!C18 -> CARGO | D16: =+'Ofertas Recibidas'!E18 -> CONTRATISTA

Sheet Precios Artif Bajos
C2: República de Colombia
C3: =+Posiciones!C3 -> Instituto Distrital de Recreación y Deporte Proceso de Mínima Cuantía No. SAF-MC-004-2026
C4: Solicitud Aclaración Precios Artificialmente Bajos
B6: El Instituto Distrital de Recreación y Deporte IDRD, en virtud de lo establecido en el INVITACIÓN PÚBLICA No. SAF-MC-004-2026, cuyo objeto es “PRESTAR EL SERVICIO DE MONITOREO MEDIOS DE COMUNICACION (PRENSA, RADIO, TELEVISION, REDES SOCIALES E INTERNET) SOBRE LA INFORMACION DIFUNDIDA QUE VINCULE O SE RELACIONE CON EL INSTITUTO DISTRITAL DE RECREACION Y DEPORTE – IDRD.”, solicitará aclaración de los precios ofertados con base en el siguiente análisis:
B7: Dentro de la GUÍA PARA EL MANEJO DE OFERTAS ARTIFICIALMENTE BAJAS EN PROCESOS DE CONTRATACIÓN diseñada por la Colombia Compra Eficiente se establece:
B8: “2.1.1. Comparación Absoluta: Se recomienda su utilización cuando desde la fase de planeación existe claridad sobre el precio o costos para la entrega de los bienes, servicios u obras que se están contratando, y cuando en el desarrollo del proceso de selección recibe menos de 5 ofertas. Para la comparación, la entidad contrasta la variación del valor de cada oferta con el costo estimado de la provisión del bien o servicio de acuerdo con el Estudio del Sector, para lo cual podrá utilizar la siguiente fórmula:
B11: Donde Vo es la variación de la oferta del proveedor con respecto al precio estimado por la Entidad Estatal P es el precio estimado por la entidad estatal o es el precio ofrecido por el proponente La Entidad Estatal debe solicitar aclaración a los proponentes ofertas cuyo valor es menor o igual que el 20% del costo total estimado por la Entidad Estata
B13: PRESUPUESTO | C13: =+'Ofertas Recibidas'!D8 -> 38570715
B14: 0.2 | C14: =+C13*(1-20%) -> 30856572
B16: OFERENTE | D16: VALOR OFERTA | E16: VARIACIÓN RESPECTO AL PRESUPUESTO | F16: SE REQUIERE?
B17: =+Posiciones!D9 -> Acciones Especiales S.A.S | D17: =+Posiciones!E9 -> 16200000 | E17: =+(($C$13-D17)/$C$13)*100% -> 0.57999223 | F17: SI
B18: =+Posiciones!D10 -> FLT COMUNICACIONES S.A.S. | D18: =+Posiciones!E10 -> 20349000 | E18: =+(($C$13-D18)/$C$13)*100% -> 0.47242357 | F18: SI
B19: =+Posiciones!D11 -> GlobalNews Group Colombia S.A.S | D19: =+Posiciones!E11 -> 28917000 | E19: =+(($C$13-D19)/$C$13)*100% -> 0.25028613 | F19: SI
B20: =+Posiciones!D12 -> MIACOM S.A.S | D20: =+Posiciones!E12 -> 37800000 | E20: =+(($C$13-D20)/$C$13)*100% -> 0.01998187 | F20: NO
B22: Por lo anterior se requiere a los oferentes ACCIONES ESPECIALES S.A.S., FLT COMUNICACIONES S.A.S. Y GLOBALNEWS GROUP COLOMBIA S.A.S., para que sustenten técnica, financiera y económicamente los precios ofertados, junto con la desagregación de precios Oferta=Costo del bien, servicio u obra (insumos, equipos, personal) + gastos generales + imprevistos + utilidad, teniendo en cuenta que se encuentran inmersos en el calificativo de ARTIFICIALMENTE BAJO, criterio establecido por la Agencia Nacional de Contratación Pública, lo anterior so pena de estar inmerso en la Causal de rechazo 1.17.7 que establece: “Cuando se determine que el valor total de la oferta es artificialmente bajo, de acuerdo con lo establecido en el Decreto 1082 de 2015, artículo 2.2.1.1.2.2.4, y las explicaciones dadas por el proponente, no satisfagan a la Entidad”.
B24: =+Posiciones!B14 -> EVALUADOR TÉCNICO
B25: =+Posiciones!B15 -> NOMBRE DEL PROFESIONAL | D25: =+Posiciones!D15 -> LUCIANO ALFONSO PINILLA PEDRAZA
B26: =+Posiciones!B16 -> CARGO | D26: =+Posiciones!D16 -> CONTRATISTA
B28: =+Posiciones!#REF! -> #REF!
B29: =+Posiciones!#REF! -> #REF! | D29: =+Posiciones!#REF! -> #REF!
B30: =+Posiciones!#REF! -> #REF! | D30: =+Posiciones!#REF! -> #REF!

Sheet Global News
C2: INSTITUTO DISTRITAL DE RECREACIÓN Y DEPORTE
C3: Formato Oferta Económica IDRD-SAF-MC-004-2026
B5: Objeto | D5: Prestar el servicio de monitoreo medios de comunicación (prensa, radio, televisión, redes sociales e internet) sobre la información difundida que vincule o se relacione con el Instituto Distrital de Recreación y Deporte – IDRD.
B7: Nombre o Razón Social | D7: GlobalNews Group Colombia S.A.S | F7: NIT | I7: 830047431-5
B8: Persona de contacto | D8: Juan Bosa | F8: Teléfono celular | I8: 312 342 3178
B9: Correo electrónico | D9: juan.bosa@globalnews.com.co | F9: Teléfono fijo
B11: Instrucciones para el diligenciamiento de la oferta
B13: • Por favor diligenciar solo las celdas subrayadas en AZUL. • Revisar todos los requerimientos que se exponen en la ficha técnica y formular su oferta en concordancia con este, de tal forma que cumplan con la necesidad del Instituto. • Los precios unitarios deberán ser expresado en PESOS COLOMBIANOS y en números enteros. • Los precios deberán aproximarse por exceso o por defecto al entero más cercano así: (i) si es igual o superior a 50 centavos, se aproxima al entero siguiente; (ii) si es inferior a 50 centavos se baja al entero anterior. • El formato contiene los insumos de costos estimados por el Instituto por lo tanto no se permite modificar, agregar o quitar ningún ítem o sub-ítem. • Los precios ofertados deben contemplar todos los rubros requeridos para la adecuada prestación del servicio y el cumplimiento de las obligaciones tributarias y contractuales como los son trazabilidad del servicio, equipo mínimo de trabajo, impuestos, tasas, tributos, contribuciones, entre otros. • El precio ofertado no podrá superar el presupuesto oficial asignado, so pena de ser rechazada la oferta. • Los precios ofertados no podrán superar los preios unitarios establecidos por el IDRD, so pena de ser rechazada la oferta. • El proponente no podrá ofertar cero ($0) en uno o más ítems que componen la oferta económica, so pena de ser rechazada la oferta.
B15: Notas: (1) Los valores unitarios deben incluir todos los costos y gastos directos e indirectos en que incurre el contratista durante la ejecución del contrato de acuerdo con las especificaciones de la ficha técnica, las obligaciones tributarias, tasas, contribuciones de acuerdo con las normas aplicables para el tipo de servicio y contrato correspondiente. (2) La presentación de la propuesta constituye una manifestación explícita de que el Proponente ha efectuado un estudio completo de la documentación que compone el presente proceso de contratación, el objeto a contratar, precios, plazos, especificaciones técnicas, económicas y/o financieras, condiciones de ejecución del contrato y demás elementos que influyan directa e indirectamente durante la ejecución del contrato sobre el valor de su oferta; por lo tanto, el Proponente debe proyectar el Valor de su “OFERTA ECONÓMICA” de forma responsable y son de la exclusiva responsabilidad del Proponente, los errores en que incurra al indicar los valores unitarios y totales en su propuesta debiendo asumir los mayores costos o pérdidas que se deriven de dichos errores.
B17: DESCRIPCIÓN | E17: Unidad de Medida | F17: CANT. (meses) | G17: Precio unitario techo IVA incluido (mes) | H17: Valor unitario IVA incluido ofertado (mes) | I17: Control | J17: Valor Total IVA incluido Ofertado
B18: Prestar el servicio de monitoreo medios de comunicación (prensa, radio, televisión, redes sociales e internet) sobre la información difundida que vincule o se relacione con el Instituto Distrital de Recreación y Deporte – IDRD. De acuerdo con lo requerido en la ficha técnica | E18: Mes | F18: 9 | G18: 4285635 | H18: 3213000 | I18: =IF(H18>G18,"El precio unitario ofertado sobrepasa el precio techo","") | J18: =+H18*F18 -> 28917000
B19: TOTALES | F19: =SUM(F18:F18) -> 9 | J19: =SUM(J18:J18) -> 28917000
B21: PRECIO TOTAL IVA INCLUIDO
B23: PRESUPUESTO OFICIAL | D23: VALOR TOTAL OFERTA | E23: Control
B24: 38570715 | D24: =J19 -> 28917000 | E24: =IF(D24>B24,"El valor ofertado sobrepasa el Presupuesto","")
B26: Firma

Sheet FTL Comunicaciones
C2: INSTITUTO DISTRITAL DE RECREACIÓN Y DEPORTE
C3: Formato Oferta Económica IDRD-SAF-MC-004-2026
B5: Objeto | D5: Prestar el servicio de monitoreo medios de comunicación (prensa, radio, televisión, redes sociales e internet) sobre la información difundida que vincule o se relacione con el Instituto Distrital de Recreación y Deporte – IDRD.
B7: Nombre o Razón Social | D7: FLT COMUNICACIONES S.A.S. | F7: NIT | I7: 830065445-4
B8: Persona de contacto | D8: John Cuchigay | F8: Teléfono celular | I8: 3102923718
B9: Correo electrónico | D9: massmedios@fltcomunicaciones.com | F9: Teléfono fijo | I9: 3102923718
B11: Instrucciones para el diligenciamiento de la oferta
B13: • Por favor diligenciar solo las celdas subrayadas en AZUL. • Revisar todos los requerimientos que se exponen en la ficha técnica y formular su oferta en concordancia con este, de tal forma que cumplan con la necesidad del Instituto. • Los precios unitarios deberán ser expresado en PESOS COLOMBIANOS y en números enteros. • Los precios deberán aproximarse por exceso o por defecto al entero más cercano así: (i) si es igual o superior a 50 centavos, se aproxima al entero siguiente; (ii) si es inferior a 50 centavos se baja al entero anterior. • El formato contiene los insumos de costos estimados por el Instituto por lo tanto no se permite modificar, agregar o quitar ningún ítem o sub-ítem. • Los precios ofertados deben contemplar todos los rubros requeridos para la adecuada prestación del servicio y el cumplimiento de las obligaciones tributarias y contractuales como los son trazabilidad del servicio, equipo mínimo de trabajo, impuestos, tasas, tributos, contribuciones, entre otros. • El precio ofertado no podrá superar el presupuesto oficial asignado, so pena de ser rechazada la oferta. • Los precios ofertados no podrán superar los preios unitarios establecidos por el IDRD, so pena de ser rechazada la oferta. • El proponente no podrá ofertar cero ($0) en uno o más ítems que componen la oferta económica, so pena de ser rechazada la oferta.
B15: Notas: (1) Los valores unitarios deben incluir todos los costos y gastos directos e indirectos en que incurre el contratista durante la ejecución del contrato de acuerdo con las especificaciones de la ficha técnica, las obligaciones tributarias, tasas, contribuciones de acuerdo con las normas aplicables para el tipo de servicio y contrato correspondiente. (2) La presentación de la propuesta constituye una manifestación explícita de que el Proponente ha efectuado un estudio completo de la documentación que compone el presente proceso de contratación, el objeto a contratar, precios, plazos, especificaciones técnicas, económicas y/o financieras, condiciones de ejecución del contrato y demás elementos que influyan directa e indirectamente durante la ejecución del contrato sobre el valor de su oferta; por lo tanto, el Proponente debe proyectar el Valor de su “OFERTA ECONÓMICA” de forma responsable y son de la exclusiva responsabilidad del Proponente, los errores en que incurra al indicar los valores unitarios y totales en su propuesta debiendo asumir los mayores costos o pérdidas que se deriven de dichos errores.
B17: DESCRIPCIÓN | E17: Unidad de Medida | F17: CANT. (meses) | G17: Precio unitario techo IVA incluido (mes) | H17: Valor unitario IVA incluido ofertado (mes) | I17: Control | J17: Valor Total IVA incluido Ofertado
B18: Prestar el servicio de monitoreo medios de comunicación (prensa, radio, televisión, redes sociales e internet) sobre la información difundida que vincule o se relacione con el Instituto Distrital de Recreación y Deporte – IDRD. De acuerdo con lo requerido en la ficha técnica | E18: Mes | F18: 9 | G18: 4285635 | H18: 2261000 | I18: =IF(H18>G18,"El precio unitario ofertado sobrepasa el precio techo","") | J18: =+H18*F18 -> 20349000
B19: TOTALES | F19: =SUM(F18:F18) -> 9 | J19: =SUM(J18:J18) -> 20349000
B21: PRECIO TOTAL IVA INCLUIDO
B23: PRESUPUESTO OFICIAL | D23: VALOR TOTAL OFERTA | E23: Control
B24: 38570715 | D24: =J19 -> 20349000 | E24: =IF(D24>B24,"El valor ofertado sobrepasa el Presupuesto","")
B26: Firma

Sheet Acciones
C2: INSTITUTO DISTRITAL DE RECREACIÓN Y DEPORTE
C3: Formato Oferta Económica IDRD-SAF-MC-004-2026
B5: Objeto | D5: Prestar el servicio de monitoreo medios de comunicación (prensa, radio, televisión, redes sociales e internet) sobre la información difundida que vincule o se relacione con el Instituto Distrital de Recreación y Deporte – IDRD.
B7: Nombre o Razón Social | D7: Acciones Especiales S.A.S | F7: NIT | I7: 900070863 3
B8: Persona de contacto | D8: Jairo Miller Zarate | F8: Teléfono celular | I8: 3202436258
B9: Correo electrónico | D9: admin@accionese.com | F9: Teléfono fijo
B11: Instrucciones para el diligenciamiento de la oferta
B13: • Por favor diligenciar solo las celdas subrayadas en AZUL. • Revisar todos los requerimientos que se exponen en la ficha técnica y formular su oferta en concordancia con este, de tal forma que cumplan con la necesidad del Instituto. • Los precios unitarios deberán ser expresado en PESOS COLOMBIANOS y en números enteros. • Los precios deberán aproximarse por exceso o por defecto al entero más cercano así: (i) si es igual o superior a 50 centavos, se aproxima al entero siguiente; (ii) si es inferior a 50 centavos se baja al entero anterior. • El formato contiene los insumos de costos estimados por el Instituto por lo tanto no se permite modificar, agregar o quitar ningún ítem o sub-ítem. • Los precios ofertados deben contemplar todos los rubros requeridos para la adecuada prestación del servicio y el cumplimiento de las obligaciones tributarias y contractuales como los son trazabilidad del servicio, equipo mínimo de trabajo, impuestos, tasas, tributos, contribuciones, entre otros. • El precio ofertado no podrá superar el presupuesto oficial asignado, so pena de ser rechazada la oferta. • Los precios ofertados no podrán superar los preios unitarios establecidos por el IDRD, so pena de ser rechazada la oferta. • El proponente no podrá ofertar cero ($0) en uno o más ítems que componen la oferta económica, so pena de ser rechazada la oferta.
B15: Notas: (1) Los valores unitarios deben incluir todos los costos y gastos directos e indirectos en que incurre el contratista durante la ejecución del contrato de acuerdo con las especificaciones de la ficha técnica, las obligaciones tributarias, tasas, contribuciones de acuerdo con las normas aplicables para el tipo de servicio y contrato correspondiente. (2) La presentación de la propuesta constituye una manifestación explícita de que el Proponente ha efectuado un estudio completo de la documentación que compone el presente proceso de contratación, el objeto a contratar, precios, plazos, especificaciones técnicas, económicas y/o financieras, condiciones de ejecución del contrato y demás elementos que influyan directa e indirectamente durante la ejecución del contrato sobre el valor de su oferta; por lo tanto, el Proponente debe proyectar el Valor de su “OFERTA ECONÓMICA” de forma responsable y son de la exclusiva responsabilidad del Proponente, los errores en que incurra al indicar los valores unitarios y totales en su propuesta debiendo asumir los mayores costos o pérdidas que se deriven de dichos errores.
B17: DESCRIPCIÓN | E17: Unidad de Medida | F17: CANT. (meses) | G17: Precio unitario techo IVA incluido (mes) | H17: Valor unitario IVA incluido ofertado (mes) | I17: Control | J17: Valor Total IVA incluido Ofertado
B18: Prestar el servicio de monitoreo medios de comunicación (prensa, radio, televisión, redes sociales e internet) sobre la información difundida que vincule o se relacione con el Instituto Distrital de Recreación y Deporte – IDRD. De acuerdo con lo requerido en la ficha técnica | E18: Mes | F18: 9 | G18: 4285635 | H18: 1800000 | I18: =IF(H18>G18,"El precio unitario ofertado sobrepasa el precio techo","") | J18: =+H18*F18 -> 16200000
B19: TOTALES | F19: =SUM(F18:F18) -> 9 | J19: =SUM(J18:J18) -> 16200000
B21: PRECIO TOTAL IVA INCLUIDO
B23: PRESUPUESTO OFICIAL | D23: VALOR TOTAL OFERTA | E23: Control
B24: 38570715 | D24: =J19 -> 16200000 | E24: =IF(D24>B24,"El valor ofertado sobrepasa el Presupuesto","")
B26: Firma

Sheet Miacom
C2: INSTITUTO DISTRITAL DE RECREACIÓN Y DEPORTE
C3: Formato Oferta Económica IDRD-SAF-MC-004-2026
B5: Objeto | D5: Prestar el servicio de monitoreo medios de comunicación (prensa, radio, televisión, redes sociales e internet) sobre la información difundida que vincule o se relacione con el Instituto Distrital de Recreación y Deporte – IDRD.
B7: Nombre o Razón Social | D7: MIACOM S.A.S | F7: NIT | I7: 900677188-6
B8: Persona de contacto | D8: JUAN CARLOS AVELLANEDA TAMAYO | F8: Teléfono celular | I8: 320-7943763
B9: Correo electrónico | D9: proyectos@miacom.co | F9: Teléfono fijo | I9: 3474340
B11: Instrucciones para el diligenciamiento de la oferta
B13: • Por favor diligenciar solo las celdas subrayadas en AZUL. • Revisar todos los requerimientos que se exponen en la ficha técnica y formular su oferta en concordancia con este, de tal forma que cumplan con la necesidad del Instituto. • Los precios unitarios deberán ser expresado en PESOS COLOMBIANOS y en números enteros. • Los precios deberán aproximarse por exceso o por defecto al entero más cercano así: (i) si es igual o superior a 50 centavos, se aproxima al entero siguiente; (ii) si es inferior a 50 centavos se baja al entero anterior. • El formato contiene los insumos de costos estimados por el Instituto por lo tanto no se permite modificar, agregar o quitar ningún ítem o sub-ítem. • Los precios ofertados deben contemplar todos los rubros requeridos para la adecuada prestación del servicio y el cumplimiento de las obligaciones tributarias y contractuales como los son trazabilidad del servicio, equipo mínimo de trabajo, impuestos, tasas, tributos, contribuciones, entre otros. • El precio ofertado no podrá superar el presupuesto oficial asignado, so pena de ser rechazada la oferta. • Los precios ofertados no podrán superar los preios unitarios establecidos por el IDRD, so pena de ser rechazada la oferta. • El proponente no podrá ofertar cero ($0) en uno o más ítems que componen la oferta económica, so pena de ser rechazada la oferta.
B15: Notas: (1) Los valores unitarios deben incluir todos los costos y gastos directos e indirectos en que incurre el contratista durante la ejecución del contrato de acuerdo con las especificaciones de la ficha técnica, las obligaciones tributarias, tasas, contribuciones de acuerdo con las normas aplicables para el tipo de servicio y contrato correspondiente. (2) La presentación de la propuesta constituye una manifestación explícita de que el Proponente ha efectuado un estudio completo de la documentación que compone el presente proceso de contratación, el objeto a contratar, precios, plazos, especificaciones técnicas, económicas y/o financieras, condiciones de ejecución del contrato y demás elementos que influyan directa e indirectamente durante la ejecución del contrato sobre el valor de su oferta; por lo tanto, el Proponente debe proyectar el Valor de su “OFERTA ECONÓMICA” de forma responsable y son de la exclusiva responsabilidad del Proponente, los errores en que incurra al indicar los valores unitarios y totales en su propuesta debiendo asumir los mayores costos o pérdidas que se deriven de dichos errores.
B17: DESCRIPCIÓN | E17: Unidad de Medida | F17: CANT. (meses) | G17: Precio unitario techo IVA incluido (mes) | H17: Valor unitario IVA incluido ofertado (mes) | I17: Control | J17: Valor Total IVA incluido Ofertado
B18: Prestar el servicio de monitoreo medios de comunicación (prensa, radio, televisión, redes sociales e internet) sobre la información difundida que vincule o se relacione con el Instituto Distrital de Recreación y Deporte – IDRD. De acuerdo con lo requerido en la ficha técnica | E18: Mes | F18: 9 | G18: 4285635 | H18: 4200000 | I18: =IF(H18>G18,"El precio unitario ofertado sobrepasa el precio techo","") | J18: =+H18*F18 -> 37800000
B19: TOTALES | F19: =SUM(F18:F18) -> 9 | J19: =SUM(J18:J18) -> 37800000
B21: PRECIO TOTAL IVA INCLUIDO
B23: PRESUPUESTO OFICIAL | D23: VALOR TOTAL OFERTA | E23: Control
B24: 38570715 | D24: =J19 -> 37800000 | E24: =IF(D24>B24,"El valor ofertado sobrepasa el Presupuesto","")
B26: Firma

Sheet Formato Oferta
B2: #VALUE! | D2: República de Colombia
D3: Instituto Colombiano de Antropología e Historia
D4: Servicio de Internet Tierradentro, Teyuna y Santamaría del Antiguo Darién
D5: OFERTA ECONOMICA
B7: Nombre o Razón Social | H7: NIT
B8: Persona de contacto | H8: Teléfono celular
B9: Correo electrónico | H9: Teléfono fijo
B11: Objeto: | D11: Prestar el servicio de internet y soporte técnico para los Parques Arqueológicos de Tierradentro, (Departamento de Cauca), Teyuna (Departamento de Magdalena) y Santa Marian Antigua del Darién.
B13: Instrucciones para el diligenciamiento de la cotización
B15: • Por favor diligenciar solo las celdas en AZUL. • Revisar todos los requerimientos que se exponen en los documentos técnico y formular su cotización en concordancia con este, de tal forma que cumplan con la necesidad del Instituto. • Los precios unitarios deberán ser expresado en PESOS COLOMBIANOS. • Los precios deberán aproximarse por exceso o por defecto al entero más cercano así: (i) si es igual o superior a 50 centavos, se aproxima al entero siguiente; (ii) si es inferior a 50 centavos se baja al entero anterior. • El formato contiene los insumos de costos estimados por el Instituto por lo tanto no se permite modificar, agregar o quitar ningún ítem o sub-ítem. • Los precios unitarios deben contemplar todos los rubros requeridos para la adecuada prestación del servicio y el cumplimiento de las obligaciones tributarias y contractuales como los son trazabilidad del servicio, equipo mínimo de trabajo, impuestos entre otros.
B17: Notas: (1) El valor establecido corresponde al valor que genere el proveedor de las antenas satelitales de internet Starlink y que deberán ser pagados por el contratista en el marco de la ejecución del contrato. Este valor es estimado y podrá ser ajustado por la Entidad, no obstante, se reconocerá el costo establecido entre el ICANH y el proveedor Starlink.
B19: Descripción | F19: Cantidad | G19: Periodos | H19: Valor periodo IVA incluido (mes) ( Nota 1) | I19: Valor total IVA incluido
B20: Parque Arqueológico de Santamaría del Antiguo Darien | F20: 1 | G20: 9 | H20: 262750 | I20: =+H20*G20*F20 -> 2364750
B21: Parque Arqueológico de Teyuna | F21: 1 | G21: 9 | H21: 262750 | I21: =+H21*G21*F21 -> 2364750
B22: Valor total pago de servicio de internet | I22: =SUM(I20:I21) -> 4729500
G24: VALOR TECHO | H24: OFERTA PROPONENTE
B25: Ítem | E25: Cantidad | F25: Periodos (mes) | G25: Precio unitario por periodo IVA incluido (mes) | H25: Precio unitario por periodo IVA incluido (mes) | I25: Valor total IVA incluido
B26: Servicio integral de conectividad terrestre para el Parque Arqueológico de Tierradentro, que incluye suministro del enlace, instalación, infraestructura, equipos, soporte técnico, monitoreo y mantenimiento, conforme a la ficha técnica anexa. | E26: 1 | F26: 9 | G26: 1426000 | H26: 1150000 | I26: =ROUND(H26*F26*E26,0) -> 10350000
B27: Servicio de administración, soporte y monitoreo de la plataforma de antenas satelitales Starlink para los Parques Arqueológicos de Teyuna y Santa María la Antigua del Darién, por antena, conforme a la ficha técnica anexa. | E27: 2 | F27: 9 | G27: 635000 | H27: 405000 | I27: =ROUND(H27*F27*E27,0) -> 7290000
B29: TOTAL OFERTA | I29: =+I27+I26+I22 -> 22369500
B32: La presente cotización:
B33: • Se remite como parte del estudio de mercado, previo a la contratación, y no implica ninguna obligación de contratar. • El Icanh no se hace responsable de ningún costo directo o indirecto en que incurra el potencial proveedor para presentar la actual cotización, dado que se recibe de buena fe, como fuente de información de precios de referencia del mercado para el estudio de sector. • Tiene una vigencia de 90 días a partir de la fecha de diligenciamiento.
